 Dungeon Crawl Stone Soup version 0.29-a0-384-g6960b1960d (webtiles) character file.

Game seed: 10664229893661103749

170 jlumianski the Chopper (level 5, -3/41 HPs)
             Began as a Demonspawn Fighter on May 7, 2022.
             Slain by Terence
             ... wielding a +2 hand axe of venom
              (4 damage)
             ... on level 3 of the Dungeon.
             The game lasted 00:06:25 (1787 turns).

jlumianski the Chopper (Demonspawn Fighter)         Turns: 1787, Time: 00:06:25

Health: -3/41      AC:  8    Str: 18    XL:     5   Next: 26%
Magic:  5/5        EV:  9    Int: 10    God:
Gold:   70         SH:  5    Dex: 14    Spells: 4/4 levels left

rFire   . . .      SeeInvis .   a - +0 war axe
rCold   . . .      Faith    .   c - +0 buckler
rNeg    . . .      Spirit   .   b - +0 scale mail
rPois   .          Reflect  .   k - +0 helmet
rElec   .          Harm     .   (no cloak)
rCorr   .          Rampage  .   (no gloves)
Will    .....                   (no boots)
Stlth   +.........              (no amulet)
HPRegen 0.13/turn               (no ring)
MPRegen 0.09/turn               (no ring)

@: lethally poisoned (-3 -> -20)
A: hooves 2, thin skeletal structure 1
a: no special abilities


You were on level 3 of the Dungeon.
You visited 1 branch of the dungeon, and saw 3 of its levels.

You collected 70 gold pieces.

Inventory:

Hand Weapons
 a - a +0 war axe (weapon)
 f - a +1 dagger of protection
Missiles
 g - 25 stones (quivered)
 j - 2 javelins
Armour
 b - a +0 scale mail (worn)
 c - a +0 buckler (worn)
 k - a +0 helmet (worn)
Wands
 o - a wand of paralysis (12)
Scrolls
 i - 2 scrolls of teleportation
Potions
 d - 2 potions of might
 e - a potion of haste
 l - a potion of resistance {unknown}
 m - a potion of lignification {unknown}
 n - a potion of curing {unknown}


   Skills:
 + Level 3.4 Fighting
 + Level 3.8 Axes
 + Level 0.1 Throwing
 + Level 3.4 Armour
 + Level 0.3 Dodging
 + Level 3.0 Shields


You had 4 spell levels left.
You didn't know any spells.
Your spell library contained the following spells:

 Spells                   Type           Power      Damage    Failure   Level
 Summon Small Mammal      Summ           0%         N/A       83%         1
 Call Canine Familiar     Summ           0%         N/A       99%         3
 Summon Guardian Golem    Hex/Summ       0%         N/A       99%         3


Dungeon Overview and Level Annotations

Branches:
Dungeon (3/15)

Altars:

Annotations:
D:3 Terence


Innate Abilities, Weirdness & Mutations

You have hoof-like feet.
You have a somewhat thin skeletal structure. (Dex +2, Stealth+)


Message History

You see here a frilled lizard corpse.
A ball python comes into view.
The ball python hisses angrily.
You hear a shout!
You barely miss the quokka. You kick the quokka.
You kill the quokka!
You hit the ball python but do no damage.
The ball python closely misses you. The ball python grabs you.
The ball python constricts you. You block the ball python's attack.
The ball python constricts you.
You hit the ball python.
You kill the ball python!
You closely miss Terence. You kick Terence, but do no damage.
You block Terence's attack.
You barely miss Terence. You block Terence's attack.
Terence hits you with a +2 hand axe of venom.
You barely miss Terence.
Terence hits you with a +2 hand axe of venom.
You are poisoned.
You hit Terence. You kick Terence, but do no damage.
Terence is lightly wounded.
You feel very sick.
Terence hits you with a +2 hand axe of venom.
You are more poisoned.
You hit Terence but do no damage. You kick Terence.
Terence is moderately wounded.
You feel very sick. You block Terence's attack.
Terence hits you but does no damage.
You are lethally poisoned!
You barely miss Terence.
Terence is moderately wounded.
You feel very sick.
Terence hits you with a +2 hand axe of venom.
* * * LOW HITPOINT WARNING * * *
You are more poisoned.
You hit Terence.
Terence is moderately wounded.
* * * LOW HITPOINT WARNING * * *
You feel extremely sick.
Terence hits you with a +2 hand axe of venom.
You die...

#..............<..
##.#.###.######..#
##.#.# #.### #...
#?...###...####.#.
#..#.##.....##....
#†>#.#.......#...#
#..#........†...##
#.##..###.......#.##
#...@..........##.#
####@.##..........#
#..##....#.###.#
#..........# #.#
#.>.#..##### #S.
#...... .. ##..##
...


You could see Terence.

Vanquished Creatures
  An orc priest (D:2)
  An orc wizard (D:2)
  6 adders
  2 worms
  2 dart slugs
  An orc (D:3)
  4 bats
  2 endoplasms
  2 giant cockroaches
  2 goblins
  5 hobgoblins
  6 kobolds
  3 quokkas
  7 ball pythons
  6 frilled lizards
  6 rats
56 creatures vanquished.

Vanquished Creatures (others)
  4 toadstools (D:1)
4 creatures vanquished.

Grand Total: 60 creatures vanquished

Notes
Turn   | Place    | Note
-------+----------+-------------------------------------------
     0 | D:1      | jlumianski the Demonspawn Fighter began the quest for the
                  | Orb.
     0 | D:1      | Reached XP level 1. HP: 18/18 MP: 1/1
    87 | D:1      | Gained mutation: You have large cloven feet. [demonic
                  | ancestry]
    87 | D:1      | Reached XP level 2. HP: 24/24 MP: 2/2
   671 | D:1      | Gained mutation: You have a somewhat thin skeletal
                  | structure. (Dex +2, Stealth+) [demonic ancestry]
   671 | D:1      | Reached XP level 3. HP: 17/29 MP: 3/3
  1198 | D:3      | Reached XP level 4. HP: 35/35 MP: 4/4
  1232 | D:3      | Noticed Terence
  1658 | D:2      | Gained mutation: You have hoof-like feet. [demonic
                  | ancestry]
  1658 | D:2      | Reached XP level 5. HP: 40/41 MP: 5/5
  1787 | D:3      | HP: 1/41 [poisoned by Terence]
  1787 | D:3      | Slain by Terence

Illustrated notes

Levels and vault maps discovered:
D:1:      ldierk_walled_garden_2, layout_basic
D:2:      layout_rooms
D:3:      layout_loops_ring, grunt_temple_overflow_cloverleaf, uniq_terence

Skill      XL: |  1  2  3 |
---------------+----------+-----
Axes           | 2 3 |  3.8
Armour         | 3 |  3.4
Shields        | 3 |  3.0
Fighting       | |  3.4
Throwing       | |  0.1
Dodging        | |  0.3

Action                   |  1- 3 |  4- 6 || total
-------------------------+-------+-------++-------
Melee: War axe           |    76 |    57 ||   133
       Kick              |     7 |    20 ||    27
Throw: Stone             |    12 |     6 ||    18
  Use: Scroll            |       |     3 ||     3
Armor: Scale mail        |    46 |    28 ||    74
Dodge: Dodged            |    33 |    21 ||    54
Block: Buckler           |    24 |    16 ||    40

Table legend: (Time is in decaauts)
 A = Elapsed time spent in this place.
 B = Non-inter-level travel time spent in this place.
 C = Inter-level travel time spent in this place.
 D = Time resting spent in this place.
 E = Time spent auto-exploring this place.
 F = Levels seen in this place.
 G = Mean time per level.
                   A        B        C        D        E       F      G
               +--------+--------+--------+--------+--------+-----+--------+
         Total |   1854 |   1827 |     27 |    132 |    821 |   3 |  618.0 |
       Dungeon |   1854 |   1827 |     27 |    132 |    821 |   3 |  618.0 |
               +--------+--------+--------+--------+--------+-----+--------+

Top non-repeatable levels by time:
     D:1: 983 daAuts
     D:2: 610 daAuts
     D:3: 260 daAuts
